 Dungeon Sprint DCSS version 0.31.0-9-g3a7656b989 (webtiles) character file.

Game seed: 13283487952955802774

2145 Heoruswealwe the Impaler (level 9, 0/92 HPs)
             Began as a Minotaur Fighter on Jan 26, 2024.
             Was an Initiate of Gozag.
             Shot with an arrow by a centaur warrior (11 damage)
             ... in the Dungeon (Sprint IX: "|||||||||||||||||||||||||||||").
             The game lasted 00:03:45 (313 turns).

Heoruswealwe the Impaler (Minotaur Fighter)          Turns: 313, Time: 00:03:46

Health: 0/92       AC: 13    Str: 26    XL:     9   Next: 9%
Magic:  8/8        EV:  8    Int:  5    God:    Gozag
Gold:   495        SH:  0    Dex:  9    Spells: 8/8 levels left

rFire   . . .        b - +2 halberd (venom)
rCold   . . .        (shield currently unavailable)
rNeg    . . .        c - +0 plate armour
rPois   .            (helmet restricted)
rElec   .            (no cloak)
rCorr   .            (no gloves)
SInv    .            e - +0 pair of boots
Will    .....        (no amulet) Stlth
                     (no ring)
HPRegen 0.35/turn    (no ring)
MPRegen 0.11/turn

%: no teleportation
@: corroded, gold aura, slowed, very slow
A: horns 2, retaliatory headbutt
a: Renounce Religion, Potion Petition, Call Merchant, Bribe Branch


You were in the Dungeon.
You worshipped Gozag.
Gozag was aware of your devotion.
You visited 1 branch You collected 495 gold pieces.

Inventory:

Hand Weapons
 a - a +0 trident
 b - a +2 halberd of venom (weapon)
Armour
 c - a +0 plate armour (worn)
 d - a +0 buckler
 e - a +0 pair of boots (worn)
Wands
 h - a wand of light (10)
Scrolls
 j - 2 scrolls of blinking
Potions
 g - a potion of haste
 i - a potion of berserk rage
 k - a potion of might
 l - 5 potions of curing


   Skills:
 + Level 12.8 Fighting
 * Level 17.2 Polearms
 + Level 12.8 Armour
 - Level 3.6 Shields


You had 8 spell levels left.
You didn't know any spells.
Your spell library was empty.

Dungeon Overview and Level Annotations

Branches:
Dungeon (1/1)

Altars:
Cheibriados
Dithmenos
Elyvilon
Fedhas
Gozag
Hepliaklqana
Kikubaaqudgha
Makhleb
Nemelex Xobeh
Okawaru
Qazlal
Ru
Sif Muna
Trog
Uskayaw
Vehumet
Wu Jian
Xom
Yredelemnul
Zin
The Shining One
Jiyva
Lugonu


Innate Abilities, Weirdness & Mutations

You have a pair of horns on your head.
You reflexively headbutt those who attack you in melee.


Message History

You destroy the gargoyle!
You have reached level 9!
Your experience leads to an increase in your attributes!
Increase (S)trength, (I)ntelligence, or (D)exterity?
You feel stronger. x2
Reach: b) +2 halberd (venom)
Press: ? - help, Dir - move target, f - wraith
Aim: a wraith (about 33% to evade your +2 halberd of venom)
You reach to attack!
You slash the wraith!
The wraith is moderately damaged.
You hit the wraith but do no damage.
You headbutt the wraith, but do no damage.
The wraith is moderately damaged.
The centaur warrior is distracted by your dazzling golden aura.
The wraith hits you. The wraith drains your vigour!
You feel yourself slow down.
You closely miss the wraith.
The wraith is moderately damaged.
The wraith hits you. The wraith drains your vigour!
You feel as though you will be slow longer.
You closely miss the wraith.
The centaur warrior shouts!
You hear a shout!
Your headbutt misses the wraith.
The wraith is moderately damaged.
The centaur warrior is no longer distracted by gold.
The wraith hits you!
You puncture the wraith! Your headbutt misses the wraith.
The wraith is severely damaged.
The wraith closely misses you.
You slash the wraith!
You destroy the wraith!
The centaur warrior wields a +0 orcbow.
The centaur warrior shoots an arrow.
The arrow hits you.
Your Polearms skill increases to level 17!
The centaur warrior shoots an arrow.
The arrow hits you!!
* * * LOW HITPOINT WARNING * * *
The centaur warrior shoots an arrow.
The arrow closely misses you.
The centaur warrior shoots an arrow.
The arrow hits you!
You die...
Your body crumbles into a pile of gold.

▓.▓
▓.▓
▓[▓
▓.▓
▓.▓
▓.▓
▓.▓
▓.▓
▓@▓
▓$▓
▓c▓
▓{▓
▓.▓
▓.▓
▓.▓
▓.▓


You could see a centaur warrior.

Vanquished Creatures
  A centaur warrior (D)
  An ugly thing (D)
  A gargoyle (D)
  A troll (D)
  A wraith (D)
  A yak (D)
  An orc warrior (D)
  A kobold brigand (D)
  2 howler monkeys (D)
  A gnoll bouda (D)
  An iguana (D)
  A sleepcap (D)
  A gnoll (D)
  A shadow imp (D)
  3 goblins (D)
  A hobgoblin (D)
  A rat (D)
20 creatures vanquished.

Notes
Turn   | Place    | Note
-------+----------+-------------------------------------------
     0 | D        | Heoruswealwe the Minotaur Fighter began the quest for the
                  | Orb.
     0 | D        | Reached XP level 1. HP: 19/19 MP: 0/0
     9 | D        | Reached skill level 3 in Polearms
    25 | D        | Noticed a sleepcap
    25 | D        | Noticed a gnoll bouda
    25 | D        | Noticed an iguana
    29 | D        | Killed a sleepcap
    30 | D        | Reached skill level 5 in Fighting
    30 | D        | Reached skill level 5 in Polearms
    30 | D        | Reached skill level 5 in Armour
    30 | D        | Reached XP level 2. HP: 25/29 MP: 1/1
    30 | D        | Reached XP level 3. HP: 31/36 MP: 2/2
    35 | D        | Reached skill level 6 in Polearms
    36 | D        | Reached skill level 7 in Polearms
    36 | D        | Reached XP level 4. HP: 27/44 MP: 3/3
    48 | D        | Reached skill level 8 in Polearms
    54 | D        | Found a snail-covered altar of Cheibriados.
    54 | D        | Found a shadowy altar of Dithmenos.
    54 | D        | Found a white marble altar of Elyvilon.
    54 | D        | Found a blossoming altar of Fedhas.
    54 | D        | Found an opulent altar of Gozag.
    55 | D        | Found a hazy altar of Hepliaklqana.
    56 | D        | Found a viscous altar of Jiyva.
    57 | D        | Found an ancient bone altar of Kikubaaqudgha.
    58 | D        | Found a corrupted altar of Lugonu.
    59 | D        | Found a burning altar of Makhleb.
    60 | D        | Found a sparkling altar of Nemelex Xobeh.
    61 | D        | Found an iron altar of Okawaru.
    62 | D        | Became a worshipper of Gozag Ym Sagoz the Greedy
    63 | D        | Found a stormy altar of Qazlal.
    64 | D        | Found a sacrificial altar of Ru.
    65 | D        | Found a shimmering blue altar of Sif Muna.
    66 | D        | Found a bloodstained altar of Trog.
    67 | D        | Found a hide-covered altar of Uskayaw.
    68 | D        | Found a radiant altar of Vehumet.
    69 | D        | Found an ornate altar of the Wu Jian Council.
    70 | D        | Found a shimmering altar of Xom.
    71 | D        | Found a basalt altar of Yredelemnul.
    72 | D        | Found a glowing silver altar of Zin.
    73 | D        | Found a glowing golden altar of the Shining One.
   142 | D        | Noticed a yak
   142 | D        | Noticed a troll
   142 | D        | Noticed an orc warrior
   142 | D        | Noticed a kobold brigand
   148 | D        | Killed a yak
   149 | D        | Reached skill level 10 in Polearms
   149 | D        | Reached XP level 5. HP: 6/53 MP: 4/4
   158 | D        | Killed a troll
   159 | D        | Reached skill level 12 in Polearms
   159 | D        | Reached XP level 6. HP: 37/64 MP: 5/5
   166 | D        | Reached XP level 7. HP: 33/71 MP: 6/6
   175 | D        | Reached skill level 10 in Fighting
   175 | D        | Reached skill level 13 in Polearms
   175 | D        | Reached skill level 10 in Armour
   287 | D        | Noticed a centaur warrior
   287 | D        | Noticed a centaur warrior
   287 | D        | Noticed a gargoyle
   287 | D        | Noticed a brown ugly thing
   287 | D        | Noticed a wraith
   294 | D        | Killed a centaur warrior
   295 | D        | Reached skill level 15 in Polearms
   295 | D        | Reached XP level 8. HP: 72/82 MP: 7/7
   303 | D        | Killed a brown ugly thing
   304 | D        | Reached skill level 16 in Polearms
   305 | D        | Killed a gargoyle
   306 | D        | Reached XP level 9. HP: 48/92 MP: 8/8
   312 | D        | Reached skill level 17 in Polearms
   313 | D        | Shot with an arrow by a centaur warrior

Illustrated notes

Levels and vault maps discovered:
D:        linesprint [early_d, line_temple, items_1, d_10, items_2, lair_1,
          lair_end, items_3, orc_1, orc_end, items_4, d_15, swamp_1, shoals_1,
          snake_1, spider_1, d_20, vaults_1, items_5, swamp_end, shoals_end,
          snake_end, spider_end, vaults_end, d_27, items_6, zot_1, zot_end,
          crypt_end, forest_end, elf_end, slime_end, tomb_end, abyss_end,
          pan_hell_end]

Skill      XL: |  1  2  3  4  5  6  7  8  9 |
---------------+----------------------------+-----
Polearms       | 5 7 10 12 15 16 17 | 17.2
Fighting       | 5 8 9 11 12 | 12.8
Armour         | 5 8 9 11 12 | 12.8
Shields        | |  3.6

Action                     |  1- 3 |  4- 6 |  7- 9 || total
---------------------------+-------+-------+-------++-------
  Melee: Trident           |    25 |    11 |       ||    36
         Headbutt          |     6 |     6 |     7 ||    19
         Halberd           |       |    20 |    30 ||    50
    Use: Potion            |       |     3 |       ||     3
 Armour: Scale mail        |    13 |     3 |       ||    16
         Chain mail        |       |    27 |     4 ||    31
         Plate armour      |       |       |    17 ||    17
  Dodge: Dodged            |     8 |     7 |     8 ||    23
  Block: Buckler           |     1 |     2 |       ||     3
